 Dungeon Crawl Stone Soup version 0.17-a0-484-g0e03f6a (webtiles) character file.

22 Ololoev the Sneak (level 2, -3/25 HPs)
             Began as a Demigod Wanderer on Apr 10, 2015.
             Slain by a worm (8 damage)
             ... on level 2 of the Dungeon.
             The game lasted 00:01:59 (915 turns).

Ololoev the Sneak (Demigod Wanderer)                 Turns: 915, Time: 00:01:59

Health: -3/25      AC:  4    Str: 15    XL:     2   Next: 51%
Magic:  4/4        EV: 11    Int: 14    God:
Gold:   79         SH:  4    Dex: 17    Spells: 0 memorised, 1 level left

rFire  . . .     SeeInvis .     a - +2 dagger
rCold  . . .     Clarity  .     e - +0 robe
rNeg   . . .     SustAb   +     d - +0 buckler
rPois  .         Gourm    .     (no helmet)
rElec  .         Spirit   .     l - +1 cloak
rCorr  .         Warding  .     (no gloves)
rMut   .         Stasis   .     (no boots)
MR     .....                    (no amulet)
Stlth  ++........               (no ring)
                                (no ring)

@: not resistant to hostile enchantments, unstealthy
A: high mp 1, sustain abilities
a: no special abilities


Innate Abilities, Weirdness & Mutations

You have an increased reservoir of magic (+10% MP).
Your attributes are resistant to harm.

Inventory:

Hand weapons
 a - a +2 dagger (weapon)
Armour
 d - a +0 buckler (worn)
 e - a +0 robe (worn)
 l - a +1 cloak (worn)
Scrolls
 i - a scroll of recharging {unknown}
 j - 2 scrolls of blinking {unknown}
Potions
 b - a potion of berserk rage
 c - 2 potions of curing
 g - 2 potions of agility {unknown}
 k - a potion of restore abilities {unknown}
 m - a potion of heal wounds {unknown}
 n - a potion of cure mutation {unknown}
 o - a potion of invisibility {unknown}
Comestibles
 f - a bread ration
 h - a meat ration


   Skills:
 - Level 2.6 Fighting
 * Level 2.0 Short Blades
 - Level 1.1 Dodging
 - Level 2.6 Stealth
 * Level 1.5 Shields
 - Level 1.0 Unarmed Combat


You had one spell level left.
You didn't know any spells.


You were on level 2 of the Dungeon.
You were not hungry.

You visited 1 branch of the dungeon, and saw 2 of its levels.

You collected 79 gold pieces.

..###### ........#
.........#
#.......######
###............#
...............#
.......w........#
........@.......#
...........^....#
...............#
...........)...#
...........†..#####
........####.....#
.......#........#
.. #.#.#
####..#....##..#
... #.#.#
#..#.....#..#.....

Notes
Turn   | Place    | Note
--------------------------------------------------------------
     0 | D:1      | Ololoev, the Demigod Wanderer, began the quest for the Orb.
     0 | D:1      | Ololoev set off with: a +2 dagger, a potion of berserk rage, a potion of curing, a +0 buckler, a +0 robe, a bread ration
     0 | D:1      | Reached XP level 1. HP: 18/18 MP: 3/3
   312 | D:1      | Reached XP level 2. HP: 25/25 MP: 4/4
   865 | D:2      | Found a shadowy altar of Dithmenos.
   915 | D:2      | Slain by a worm

Dungeon Overview and Level Annotations

Branches:
Dungeon (2/15)


Message History

The worm is moderately wounded.
The worm barely misses you.
You hit the worm but do no damage.
The worm is moderately wounded.
The worm barely misses you.
You hit the worm.
The worm is heavily wounded.
You hit the worm.
The worm is heavily wounded.
The worm bites you.
You barely miss the worm.
The worm is heavily wounded.
You barely miss the worm.
The worm is heavily wounded.
The worm bites you!
You are too injured to fight recklessly!
You are too injured to fight recklessly!
You are too injured to fight recklessly!
You are too injured to fight recklessly!
You are too injured to fight recklessly!
You are too injured to fight recklessly!
You are too injured to fight recklessly!
You are too injured to fight recklessly!
You are too injured to fight recklessly!
You are too injured to fight recklessly!
You are too injured to fight recklessly!
You are too injured to fight recklessly!
You are too injured to fight recklessly!
You are too injured to fight recklessly!
You are too injured to fight recklessly!
You are too injured to fight recklessly!
You are too injured to fight recklessly!
You are too injured to fight recklessly!
You are too injured to fight recklessly!
You hit the worm.
The worm is severely wounded.
You hit the worm.
The worm is almost dead.
The worm bites you!
You die...

You could see a worm.

Vanquished Creatures
  6 bats (D:1)
  4 goblins (D:1)
  2 hobgoblins (D:1)
  2 ball pythons (D:1)
  2 giant cockroaches
  A giant gecko (D:1)
  3 kobolds
  A rat (D:1)
21 creatures vanquished.

Action                   || total
-------------------------++-------
Melee: Dagger            ||    78
 Stab: Sleeping          ||     4

Vault maps used:
D:1:      lemuel_arrival_funnel, kennysheep_boxes
D:2:      nicolae_overflow_crystal_walls, serial_glass, glass_columns_a,
          glass_columns_b, glass_columns_a, glass_columns_a, glass_columns_a,
          glass_columns_c, glass_columns_b, glass_columns_b
